 Dungeon Crawl Stone Soup version 0.30.0-16-gbe6223bb7e (webtiles) character file.

Game seed: 4963049667702902198

15 sentinel the Digger (level 2, -2/20 HPs)
             Began as a Meteoran Earth Elementalist on May 20, 2023.
             Slain by an iguana (9 damage)
             ... on level 3 of the Dungeon.
             The game lasted 00:03:07 (200 turns).

sentinel the Digger (Meteoran Earth Elementalist)    Turns: 200, Time: 00:03:08

Health: -2/20      AC:  2    Str:  9    XL:     2   Next: 88%
Magic:  3/6        EV: 12    Int: 16    God:
Gold:   10         SH:  0    Dex: 14    Spells: 4/6 levels left

rFire   . . .        d - staff of poison {!a}
rCold   . . .        (no shield)
rNeg    . . .        a - +0 robe
rPois   +            (no helmet)
rElec   .            (no cloak)
rCorr   .            (no gloves)
SInv    .            (no boots)
Will    .....        e - amulet of regeneration
Stlth   +            (no ring)
HPRegen 1.03/turn    (no ring)
MPRegen 0.10/turn

%: no passive effects
@: very slightly contaminated, glowing
A: sense surroundings 1, otherworldly, glowing, explore regen
a: no special abilities


You were on level 3 of the Dungeon.
You visited 1 branch of the dungeon, and saw 3 of its levels.

You collected 10 gold pieces.

Inventory:

Armour
 a - a +0 robe (worn)
Magical Staves
 d - a staff of poison (weapon) {!a}
Jewellery
 e - an amulet of regeneration (around neck)
Scrolls
 f - a scroll of fog {unknown}
Potions
 b - a potion of magic


   Skills:
 - Level 2.4 Dodging
 - Level 1.4 Stealth
 - Level 2.6 Spellcasting
 + Level 1.7 Translocations
 - Level 1.2 Transmutations
 + Level 4.1 Earth Magic


You had 4 spell levels left.
You knew the following spells:

 Your Spells              Type           Power      Damage    Failure   Level
a - Sandblast             Erth           30%        2d9       3%          1
g - Apportation           Tloc           14%        N/A       10%         1

Your spell library contained the following spells:

 Spells                   Type           Power      Damage    Failure   Level
 Passwall                 Tmut/Erth      8%         N/A       10%         2
 Necrotise                Necr           8%         1d4       19%         1
 Summon Small Mammal      Summ           8%         N/A       19%         1
 Stone Arrow              Conj/Erth      16%        3d8       24%         3
 Petrify                  Tmut/Erth      10%        N/A       54%         4


Dungeon Overview and Level Annotations

Branches:
Dungeon (3/15) Zot: 1591

Altars:


Innate Abilities, Weirdness & Mutations

You passively map a small area around you.
You are easily found by Zot.
You glow in the dark.
You regain HP and MP as you explore.


Message History

The blast of sand misses the rat.
The rat closely misses you. The rat bites you.
The blast of sand hits the rat!
You kill the rat!
You see here a rat corpse.
A quokka and a giant cockroach come into view.
Found a stone staircase leading down.
A goblin comes into view. It is wielding a +0 club.
The goblin shouts!
You hear a shout!
The blast of sand hits the quokka!
You kill the quokka!
A hobgoblin comes into view.
Your Earth Magic skill increases to level 4!
You miscast Sandblast.
You are very lightly contaminated with residual magic.
Nothing appears to happen.
You are out of magic!
You are out of magic!
You are out of magic!
The giant cockroach completely misses you.
The giant cockroach attacks as you move away!
The giant cockroach misses you.
A bat comes into view.
Found a ring mail.
The giant cockroach attacks as you move away!
The giant cockroach bites you but does no damage.
A dart slug comes into view.
The bat barely misses you. The bat closely misses you.
The giant cockroach closely misses you. The bat hits you.
The bat attacks as you move away! The bat hits you.
The giant cockroach bites you.
Your magical contamination has completely faded away.
A dart slug comes into view.
The giant cockroach attacks as you move away!
The giant cockroach bites you but does no damage.
The giant cockroach closely misses you. The giant cockroach closely misses you.
The giant cockroach attacks as you move away!
The giant cockroach misses you. The giant cockroach bites you.
The giant cockroach attacks as you move away!
The giant cockroach bites you but does no damage.
The blast of sand hits the dart slug!
The dart slug is almost dead.
The giant cockroach bites you but does no damage.
The dart slug bites you. The bat hits you.
The giant cockroach bites you but does no damage.
The dart slug bites you but does no damage.
The blast of sand hits the dart slug!
You kill the dart slug!
The bat barely misses you. The bat hits you but does no damage.
The giant cockroach closely misses you. The giant cockroach bites you.
The blast of sand hits the giant cockroach.
The giant cockroach is moderately wounded.
The bat barely misses you. The bat hits you but does no damage.
The giant cockroach bites you but does no damage.
The giant cockroach attacks as you move away!
The giant cockroach barely misses you. The bat hits you but does no damage.
The giant cockroach attacks as you move away!
The giant cockroach misses you.
The giant cockroach attacks as you move away!
The giant cockroach bites you.
The giant cockroach attacks as you move away!
The giant cockroach bites you. The bat hits you but does no damage.
The blast of sand hits the giant cockroach!
You kill the giant cockroach!
The bat hits you.
A kobold and a gnoll come into view.
The gnoll shouts!
You hear an angry hiss.
A gnoll comes into view. It is wielding a +0 club.
Press: ? - help, v - describe, . - travel
Here: a gnoll, wielding a +0 club (wandering, hasn't noticed you)
The floor.
A ball python comes into view.
The kobold shouts!
The ball python hisses angrily.
You hear a shout!
The kobold attacks as you move away! The kobold barely misses you.
The goblin attacks as you move away! The goblin closely misses you.
The goblin attacks as you move away! The goblin hits you with a +0 club.
The goblin attacks as you move away! The goblin closely misses you.
The goblin attacks as you move away! The goblin barely misses you.
The goblin attacks as you move away! The goblin hits you with a +0 club.
An endoplasm comes into view.
The endoplasm quivers.
The goblin attacks as you move away! The goblin hits you with a +0 club.
A dart slug comes into view.
The bat hits you. The bat misses you.
The blast of sand hits the goblin!
You kill the goblin!
The bat closely misses you. The bat hits you. The bat attacks as you move away!
The bat hits you but does no damage. x2
The bat completely misses you.
The blast of sand misses the bat.
The blast of sand misses the gnoll.
The blast of sand hits the kobold.
You kill the kobold!
The bat closely misses you. The bat hits you but does no damage.
The gnoll hits you from afar with a +0 spear.
The bat hits you but does no damage.
The gnoll hits you from afar with a +0 spear.
The bat attacks as you move away! The bat barely misses you. x2
The bat attacks as you move away! The bat hits you but does no damage.
The bat hits you. The bat barely misses you.
The endoplasm jiggles.
The bat hits you but does no damage. The bat hits you.
The bat hits you but does no damage. The bat barely misses you.
The bat hits you but does no damage. The bat hits you but does no damage.
The bat hits you but does no damage. The bat attacks as you move away!
The bat barely misses you. The bat closely misses you.
There is a stone staircase leading down here.
The bat closely misses you.
The gnoll hits you from afar with a +0 spear!
You climb downwards.
Magic restored.
HP restored.
A sourceless malevolence fills the Dungeon...
You fall into a shaft and drop 1 floor!
The shaft crumbles and collapses.
A goblin comes into view. It is wielding a +0 club.
Found a stone staircase leading up.
The goblin shouts!
You can't see any susceptible monsters within range! (Use Z to cast anyway.)
The blast of sand hits the goblin!
You kill the goblin!
An iguana comes into view.
Found 6 stones.
The iguana hisses angrily.
You aren't carrying any items that you can evoke.
Unknown command.
You have nothing you can fire or use right now.
Unknown command.
You can't see any susceptible monsters within range! (Use Z to cast anyway.)
You miscast Sandblast.
You are very lightly contaminated with residual magic.
Nothing appears to happen.
You miscast Sandblast.
Nothing appears to happen.
The blast of sand hits the iguana but does no damage.
The iguana bites you!
Ouch! That really hurt!
* * * LOW HITPOINT WARNING * * *
Unknown command.
You aren't carrying any items that you can evoke.
Unknown command.
As you read the scroll labelled GUIPITTUPSE, it crumbles to dust.
It is a scroll of enchant weapon.
You aren't carrying any weapons that can be enchanted.
The iguana bites you!
You die...

### #.# #.# #.#
########.########
............l@..#
#####...#.#####.#*
.....#.......# # ,
, #...).#.#.###.#
* (<.#.,#....,, ,
, .. #. ..###. ,
,* # #,.... ,.. *
** , ..##., #. ,*
* ... , , , , , ,


You could see an iguana.

Vanquished Creatures
  A dart slug (D:1)
  A bat (D:1)
  An endoplasm (D:1)
  2 giant cockroaches (D:1)
  A hobgoblin (D:1)
  A kobold (D:1)
  A quokka (D:1)
  2 goblins
  A rat (D:1)
11 creatures vanquished.

Notes
Turn   | Place    | Note
-------+----------+-------------------------------------------
     0 | D:1      | sentinel the Meteoran Earth Elementalist began the quest
                  | for the Orb.
     0 | D:1      | Reached XP level 1. HP: 14/14 MP: 5/5
    52 | D:1      | Learned a level 1 spell: Apportation
   114 | D:1      | Reached skill level 1 in Translocations
   114 | D:1      | Reached XP level 2. HP: 20/20 MP: 3/6
   120 | D:1      | Reached skill level 4 in Earth Magic
   184 | D:2      | Found the dreamshard necklace {*Dream Drain}
   184 | D:2      | You fall into a shaft and drop 1 floor!
   200 | D:3      | Slain by an iguana

Illustrated notes

Levels and vault maps discovered:
D:1:      dpeg_arrival_snail, layout_loops_ring, nicolae_grassy_gnolls
D:2:      layout_basic
D:3:      layout_basic, nicolae_overflow_hidden_temple,
          ashenzari_conservatory_becter, lemuel_round_altar,
          grunt_dithmenos_smoke_and_mirrors,
          shapermc_ecumenical_altar_acropolis, minmay_misc_feat_columns,
          uniq_natasha

Skill      XL: |  1  2 |
---------------+-------+-----
Translocations | 1 |  1.7
Earth Magic    | 4 |  4.1
Dodging        | |  2.4
Stealth        | |  1.4
Spellcasting   | |  2.6
Transmutations | |  1.2

Action                     || total
---------------------------++-------
   Cast: Sandblast         ||    17
    Use: Scroll            ||     1
 Armour: Robe              ||    21
  Dodge: Dodged            ||    30
